 Dungeon Crawl Stone Soup version 0.18-a0-1639-g7533f42 (webtiles) character file.

196 abixa the Ruffian (level 5, -8/50 HPs)
             Began as a Troll Monk on Mar 27, 2016.
             Mangled by an orc priest
             ... wielding a +0 war axe
              (14 damage)
             ... on level 3 of the Dungeon.
             The game lasted 00:03:31 (2012 turns).

abixa the Ruffian (Troll Monk)                      Turns: 2012, Time: 00:03:31

Health: -8/50      AC:  5    Str: 19    XL:     5   Next: 45%
Magic:  4/4        EV: 10    Int:  7    God:
Gold:   112        SH:  0    Dex: 12    Spells: 0 memorised, 4 levels left

rFire  . . .     SeeInvis .       - Unarmed
rCold  . . .     Gourm    +     a - +0 robe
rNeg   . . .     Faith    .     (no shield)
rPois  .         Spirit   .     (helmet restricted)
rElec  .         Dismiss  .     (no cloak)
rCorr  .         Reflect  .     (gloves unavailable)
SustAt .         Harm     .     (boots unavailable)
MR     .....                    (no amulet)
Stlth  +.........               (no ring)
                                (no ring)

@: not resistant to hostile enchantments, very unstealthy
A: unfitting armour, claws 3, fast metabolism 3, gourmand, regeneration 2,
shaggy fur 1, tough skin 2
a: no special abilities


You were on level 3 of the Dungeon.
You were very full.

You visited 1 branch of the dungeon, and saw 3 of its levels.

You collected 112 gold pieces.

Inventory:

Hand Weapons
 i - a +0 spear
Missiles
 e - 82 stones (quivered)
 j - 12 poisoned needles
 o - a throwing net
Armour
 a - a +0 robe (worn)
Jewellery
 n - an uncursed amulet of regeneration {unknown}
Scrolls
 c - 2 scrolls of identify {unknown}
 d - a scroll of recharging {unknown}
 k - a scroll of amnesia {unknown}
 m - a scroll of remove curse {unknown}
 p - a scroll of random uselessness {unknown}
 q - a scroll of fog {unknown}
Potions
 g - a potion of brilliance {unknown}
 h - a potion of degeneration {unknown}
 l - a potion of might {unknown}
Comestibles
 b - 3 bread rations
 f - a meat ration


   Skills:
 - Level 2.4 Fighting
 - Level 2.4 Dodging
 - Level 1.1 Stealth
 + Level 6.8 Unarmed Combat


You had 4 spell levels left.
You didn't know any spells.

Dungeon Overview and Level Annotations

Branches:
Dungeon (3/15)

Altars:
Pakellas


Innate Abilities, Weirdness & Mutations

You are too large for most types of armour.
You have claws for hands.
Your metabolism is lightning-fast.
You like to eat raw meat.
You heal very quickly.
You are covered in fur (AC +1).
You have very tough skin (AC +2).


Message History

You are too injured to fight recklessly!
You are too injured to fight recklessly!
You are too injured to fight recklessly!
You are too injured to fight recklessly!
You are too injured to fight recklessly!
You are too injured to fight recklessly!
You scratch the orc priest.
The orc priest is moderately wounded.
The orc priest hits you with a war axe!
* * * LOW HITPOINT WARNING * * *
The orc priest casts a cantrip, but nothing happens.
You scratch the orc priest.
The orc priest is heavily wounded.
The orc priest mumbles some strange prayers to Beogh against you.
Pain shoots through your body!
* * * LOW HITPOINT WARNING * * *
You scratch the orc priest but do no damage.
The orc priest is heavily wounded.
The orc priest hits you with a war axe!
You die...

#............#.########
####.....#.#.#
#####.#####.#.#
#...........#.#
#.###.#######.# #.# #.#
#.# #.# #)# #.########
#@# #......... #o#
########## #o# .o# #.#
#.# ### #.# ... #.# ###


You could see 2 orc priests and an orc wizard.

Vanquished Creatures
  A phantom (D:3)
  3 adders (D:2)
  2 oozes (D:3)
  2 dart slugs (D:1)
  2 giant geckos
  4 orcs (D:3)
  5 bats
  4 goblins
  10 hobgoblins
  3 jackals (D:1)
  A quokka (D:3)
  2 ball pythons
  3 giant newts
  8 kobolds
  5 rats
55 creatures vanquished.

Notes
Turn   | Place    | Note
--------------------------------------------------------------
     0 | D:1      | abixa the Troll Monk began the quest for the Orb.
     0 | D:1      | Reached XP level 1. HP: 22/22 MP: 0/0
    99 | D:1      | Reached XP level 2. HP: 27/29 MP: 1/1
   776 | D:1      | Reached skill level 5 in Unarmed Combat
   776 | D:1      | Reached XP level 3. HP: 33/36 MP: 2/2
  1183 | D:2      | Found an oddly glowing altar of Pakellas.
  1412 | D:2      | Reached XP level 4. HP: 44/44 MP: 3/3
  1846 | D:3      | Noticed a phantom
  1866 | D:3      | Killed a phantom
  1866 | D:3      | Reached skill level 6 in Unarmed Combat
  1866 | D:3      | Reached XP level 5. HP: 29/50 MP: 4/4
  1909 | D:3      | Found a faded altar to an unknown god.
  2012 | D:3      | Mangled by an orc priest

Vault maps used:
D:1:      minmay_arrival_stone_box
D:2:      grunt_pakellas_basics
D:3:      first_bread, ecumenical_altar_2

Skill      XL: |  1  2  3  4 |
---------------+-------------+-----
Unarmed Combat | 5 6 |  6.8
Fighting       | |  2.4
Dodging        | |  2.4
Stealth        | |  1.1

Action                   |  1- 3 |  4- 6 || total
-------------------------+-------+-------++-------
Melee: Unarmed           |    86 |    56 ||   142
 Stab: Sleeping          |     2 |     1 ||     3
  Eat: Chunk             |    18 |     4 ||    22
